 Dungeon Crawl Stone Soup version 0.29-a0-380-gf50f0a9fbc (webtiles) character file.

Game seed: 6218839219514470631

9143 siradein the Thaumaturge (level 11, -7/86 HPs)
             Began as a Mummy Necromancer on May 5, 2022.
             Was a Priest of Sif Muna.
             Mangled by an orc warrior
             ... wielding a +0 scimitar
              (16 damage)
             ... on level 9 of the Dungeon on May 6, 2022.
             The game lasted 00:31:25 (12787 turns).

siradein the Thaumaturge (Mummy Necromancer)       Turns: 12787, Time: 00:31:26

Health: -7/86      AC:  8    Str:  7    XL:     11   Next: 19%
Magic:  25/25      EV: 13    Int: 31    God:    Sif Muna [***...]
Gold:   613        SH:  0    Dex: 12    Spells: 18/30 levels left

rFire   x . .      SeeInvis .   h - +12 rapier of the Shrieking God {drain, rC+ rN+ Str-4 Int+5}
rCold   + + .      Faith    .   (no shield)
rNeg    + + +      Spirit   .   z - +0 troll leather armour
rPois   ∞          Reflect  .   f - +2 hat
rElec   .          Harm     .   (no cloak)
rCorr   .          Rampage  .   d - +0 pair of gloves
Will    +....                   a - +0 pair of boots
Stlth   +.........              q - amulet of regeneration
HPRegen 1.84/turn               b - ring of flight
MPRegen 0.19/turn               v - +6 ring of intelligence

@: flying, slowed, very slow
A: cold resistance 1, negative energy resistance 3, torment resistance 2, heat
vulnerability 1, in touch with death 1, no potions
a: Renounce Religion, Channel Magic, Forget Spell


You were on level 9 of the Dungeon.
You worshipped Sif Muna.
Sif Muna was most pleased with you.
You visited 2 branches of the dungeon, and saw 11 of its levels.
You also visited: Bailey.

You collected 613 gold pieces.

Inventory:

Hand Weapons
 h - the +12 rapier of the Shrieking God (weapon) {drain, rC+ rN+ Str-4 Int+5}
   (You found it on level 6 of the Dungeon)

   A truly terrible weapon, it drains the life of any living foe it strikes.
   Str:       It affects your strength (-4).
   Int:       It affects your intelligence (+5).
   rC:        It protects you from cold.
   rN:        It protects you from negative energy.
Missiles
 j - a throwing net
Armour
 a - a +0 pair of boots (worn)
 d - a +0 pair of gloves (worn)
 f - a +2 hat (worn)
 n - a +2 leather armour of fire resistance
 z - a +0 troll leather armour (worn)
Jewellery
 b - a ring of flight (left hand)
 q - an amulet of regeneration (around neck)
 v - a +6 ring of intelligence (right hand)
Wands
 o - a wand of paralysis (6)
 s - a wand of acid (8)
 t - a wand of flame (28)
 u - a wand of digging (3)
Scrolls
 c - 2 scrolls of amnesia
 e - a scroll of torment
 g - 2 scrolls of teleportation
 i - a scroll of fear
 k - 4 scrolls of blinking {unknown}
 l - 2 scrolls of enchant weapon
 m - a scroll of immolation {unknown}
 p - a scroll of fog
 r - 2 scrolls of poison {unknown}
 x - 2 scrolls of magic mapping {unknown}
 y - 2 scrolls of noise {unknown}


   Skills:
 + Level 8.0 Fighting
 + Level 6.8 Dodging
 - Level 1.5 Stealth
 + Level 10.0 Spellcasting
 + Level 9.0 Necromancy
 + Level 6.5 Invocations


You had 18 spell levels left.
You knew the following spells:

 Your Spells              Type           Power      Damage    Failure   Level
a - Pain                  Necr           100%       1d9       1%          1
b - Vampiric Draining     Necr           82%        2d11      1%          3
c - Animate Dead          Necr           41%        N/A       1%          4
d - Blink                 Tloc           30%        N/A       8%          2
e - Passwall              Tmut/Erth      12%        N/A       8%          2

Your spell library contained the following spells:

 Spells                   Type           Power      Damage    Failure   Level
 Animate Skeleton         Necr           100%       N/A       1%          1
 Agony                    Necr           82%        N/A       3%          5
 Sandblast                Erth           30%        2d9       4%          1
 Sting                    Tmut/Pois      60%        1d6       4%          1
 Poisonous Vapours        Pois/Air       30%        N/A       8%          2
 Lesser Beckoning         Tloc           15%        N/A       14%         3
 Stone Arrow              Conj/Erth      30%        3d8       14%         3
 Teleport Other           Tloc           15%        N/A       14%         3
 Olgreb's Toxic Radiance  Pois           15%        N/A       43%         4
 Manifold Assault         Tloc           15%        N/A       80%         5
 Malign Gateway           Summ/Tloc      7%         N/A       100%        7


Dungeon Overview and Level Annotations

Branches:
Dungeon (10/15)            Temple (1/1) D:4            Lair (0/6) D:8
 Bailey (visited)
    Orc: D:9-12

Altars:
Dithmenos
Elyvilon
Gozag
Hepliaklqana
Kikubaaqudgha
Makhleb
Nemelex Xobeh
Okawaru
Qazlal
Ru
Sif Muna
Trog
Uskayaw
Vehumet
Wu Jian
Xom
Yredelemnul
Zin
The Shining One

Shops:
D:7 :

Annotations:
D:9 Urug
D:10 Erica


Innate Abilities, Weirdness & Mutations

You are immune to poison.
Your flesh is cold resistant. (rC+)
You are immune to negative energy. (rN+++)
You are immune to unholy pain and torment.
You are vulnerable to heat. (rF-)
You are in touch with the powers of death.
You do not drink.


Message History

The wraith is almost destroyed.
The wraith misses you.
You hit the wraith but do no damage.
The wraith is almost destroyed.
The wraith hits you. The wraith drains your vigour!
You feel yourself slow down. The wraith barely misses you.
You hit the wraith but do no damage.
The wraith is almost destroyed.
The wraith hits you. The wraith drains your vigour!
You feel as though you will be slow longer.
You hit the wraith.
The wraith is almost destroyed.
The wraith misses you. The wraith hits you! The wraith drains your vigour!
You feel as though you will be slow longer.
You hit the wraith.
The wraith is almost destroyed.
The wraith hits you but does no damage. The wraith hits you.
You puncture the wraith!
You destroy the wraith!
Sif Muna accepts your kill.
Your Fighting skill increases to level 8!
You start resting.
HP restored.
You fly downwards.
Level annotation: Erica, Urug The orc warrior hits you with a +0 scimitar.
Urug hits you with a +1 broad axe!! Urug misses you.
The orc warrior misses you. x2; Urug hits you with a +1 broad axe.
There is a stone staircase leading up here.
Urug hits you with a +1 broad axe!
The orc warrior hits you but does no damage.
You fly upwards.
There is a stone staircase leading down here.
Urug attacks as you move away! Urug hits you with a +1 broad axe!!
The orc warrior hits you with a +0 scimitar!
* * * LOW HITPOINT WARNING * * *
Urug hits you with a +1 broad axe!
* * * LOW HITPOINT WARNING * * *
The orc warrior hits you with a +0 scimitar!
You die...

#...#...##...###.#
#..##.# #.....
#...#...##...# #.#
#..##.# #.[...
#...#........# #.#
#..##.# #.....
#...#........###.#
#..##.# #.....
#...#..####......#
#..##.# #.....
#...#..# #......#
#..##.# #.....
#...#..# #..###.#
#(....# #.....
#......# #..#
#o###.....###.....
#......# #..#
#@o...............
#..###.# #..#
#...............!.
...# #.# #..#
#.........####....
...# #.# #..#
#..##.....# #.....
#..#
#.####..###..##.....#
#..... #..#
#.......)....##.....#
#..⌠.. ...#
#............##.....#
#..... #..#
#.###...###..##.....#
#..... #..# #.# #...#
#..##.....# #...#.


You could see Urug and an orc warrior.

Vanquished Creatures
  A two-headed ogre (D:9)
  Pikel (D:7)
  2 gargoyles
  4 trolls
  A hornet (D:7)
  Sigmund (D:2)
  A vampire (Bailey)
  11 yaks
  2 wraiths
  A steam dragon (D:8)
  3 vampire mosquitoes (D:9)
  3 water moccasins
  2 ice beasts
  4 black bears
  2 orc warriors
  A sky beast (D:7)
  An ogre (D:5)
  4 centaurs
  A phantom (D:6)
  5 bullfrogs
  A gnoll sergeant (D:8)
  2 necrophages (D:4)
  8 vampire bats (Bailey)
  2 howler monkeys (D:9)
  6 wolf zombies (Bailey)
  4 electric eels (D:8)
  2 lava snakes (D:9)
  4 orc priests
  9 hounds
  3 iguanas
  4 orc wizards
  9 adders
  10 gnolls
  A shadow imp (D:5)
  2 white imps
  4 worms
  2 dart slugs
  30 orcs
  11 ball pythons
  14 endoplasms
  2 giant cockroaches
  8 goblins
  6 hobgoblins
  10 jackals
  4 quokkas
  2 bats
  A frilled lizard (D:1)
  5 kobolds
  22 orc zombies (Bailey)
  5 rats
244 creatures vanquished.

Notes
Turn   | Place    | Note
-------+----------+-------------------------------------------
     0 | D:1      | siradein the Mummy Necromancer began the quest for the Orb.
     0 | D:1      | Reached XP level 1. HP: 13/13 MP: 4/4
   247 | D:1      | Reached XP level 2. HP: 18/20 MP: 0/5
   463 | D:1      | Reached skill level 3 in Spellcasting
   594 | D:1      | Reached skill level 1 in Fighting
   936 | D:1      | Gained mutation: You are in touch with the powers of death.
                  | [Mummy growth]
   936 | D:1      | Reached XP level 3. HP: 26/26 MP: 4/7
   940 | D:1      | Learned a level 3 spell: Vampiric Draining
  1557 | D:2      | Found a faded altar of an unknown god.
  2254 | D:2      | Reached XP level 4. HP: 32/32 MP: 4/9
  2424 | D:2      | Noticed Sigmund
  2817 | D:3      | Learned a level 4 spell: Animate Dead
  2916 | D:2      | HP: 1/33 [gnoll/+0 club (6)]
  3438 | D:3      | Reached skill level 4 in Spellcasting
  3438 | D:3      | Reached XP level 5. HP: 38/38 MP: 6/11
  3505 | D:3      | Learned a level 2 spell: Blink
  4672 | D:4      | Reached skill level 5 in Necromancy
  4672 | D:4      | Reached XP level 6. HP: 35/46 MP: 12/12
  5113 | D:4      | Found a staircase to the Ecumenical Temple.
  5119 | Temple   | Entered the Ecumenical Temple
  5316 | Temple   | Became a worshipper of Sif Muna the Loreminder
  5934 | D:2      | Killed Sigmund
  5935 | D:2      | Reached skill level 5 in Spellcasting
  5935 | D:2      | Reached skill level 1 in Invocations
  5935 | D:2      | Reached XP level 7. HP: 46/52 MP: 5/14
  6011 | D:5      | Entered Level 5 of the Dungeon
  7559 | D:5      | Reached skill level 6 in Spellcasting
  7559 | D:5      | Reached XP level 8. HP: 60/60 MP: 7/17
  7724 | D:6      | Got the Collected Works on Orientation
  7752 | D:6      | Identified the +1 leather armour of the Hall of Blades
                  | {rC+}
  7781 | D:6      | Identified the +12 rapier of the Shrieking God {drain, rC+
                  | rN+ Str-4 Int+5}
  8018 | D:6      | Reached * piety under Sif Muna
  8645 | D:7      | Reached skill level 5 in Fighting
  8669 | D:7      | Reached skill level 7 in Spellcasting
  8766 | D:7      | Reached XP level 9. HP: 68/68 MP: 15/19
  8793 | D:7      | Found Azavoipe's Book Emporium.
  8918 | D:7      | Reached skill level 5 in Dodging
  9204 | D:7      | Reached skill level 8 in Spellcasting
  9360 | D:7      | Learned a level 2 spell: Passwall
  9510 | D:8      | Noticed Pikel
  9544 | D:7      | Killed Pikel
  9545 | D:7      | Reached skill level 5 in Invocations
  9746 | D:8      | Found a staircase to the Lair.
  9752 | D:8      | Reached XP level 10. HP: 73/77 MP: 17/22
  9811 | D:8      | Reached ** piety under Sif Muna
 10089 | D:8      | Found a sparkling altar of Nemelex Xobeh.
 10699 | D:9      | Found an ornate altar of the Wu Jian Council.
 10725 | D:9      | Found a flagged portal.
 10767 | Bailey   | Entered a bailey
 10796 | Bailey   | Reached skill level 9 in Spellcasting
 10976 | Bailey   | Reached *** piety under Sif Muna
 11095 | Bailey   | Noticed a gargoyle
 11117 | Bailey   | Killed a gargoyle
 11667 | D:9      | Noticed a gargoyle
 11678 | D:9      | Killed a gargoyle
 12086 | D:9      | Found an opulent altar of Gozag.
 12283 | D:9      | Noticed a two-headed ogre
 12288 | D:9      | Reached XP level 11. HP: 85/85 MP: 21/24
 12293 | D:9      | Killed a two-headed ogre
 12553 | D:9      | Found a sacrificial altar of Ru.
 12553 | D:9      | Found a basalt altar of Yredelemnul.
 12651 | D:10     | Entered Level 10 of the Dungeon
 12684 | D:10     | Noticed Erica
 12699 | D:9      | Reached skill level 10 in Spellcasting
 12750 | D:10     | Noticed Urug
 12787 | D:9      | Mangled by an orc warrior

Illustrated notes

Levels and vault maps discovered:
D:1:      dpeg_arrival_chambers_temple_mockup, layout_basic,
          grunt_decor_one_mirror
D:2:      layout_rooms, shapermc_ecumenical_altar_starsandcircs,
          chequers_arboretum, uniq_sigmund
D:3:      layout_loops_ring
D:4:      layout_cave_pods, temple_statues, kennysheep_generic_room_15
D:5:      layout_basic, lemuel_doored_altar, serial_curves, eino_curves_01,
          eino_curves_04, chequers_serial_rivers_micro_e
D:6:      layout_basic, minivault_1
D:7:      layout_basic, serial_shops, nicolae_diamond_shop
D:8:      layout_cave_pods, nemelex_xobeh_ov_fountains_minmay, erik_lair_island,
          st_stairs_6, uniq_pikel
D:9:      layout_long_grid, lemuel_crystal_altar,
          mainiacjoe_overflow_catch_the_wave,
          gammafunk_temple_overflow_elements, enter_bailey_2,
          dreamdust_wishing_well
D:10:     layout_layer_cave, david_orc_3, uniq_erica, uniq_josephine, uniq_urug
Temple:   regret_index_temple_generic_petals

Skill      XL: |  1  2  3  4  5  6  7  8  9 10 11 |
---------------+----------------------------------+-----
Spellcasting   | 3 4 5 6 7 8 9 10 | 10.0
Fighting       | 1 2 3 4 5 6 7 8 |  8.0
Dodging        | 2 3 4 5 6 |  6.8
Necromancy     | 5 6 7 8 9 |  9.0
Invocations    | 1 2 3 5 6 |  6.5
Stealth        | |  1.5

Action                   |  1- 3 |  4- 6 |  7- 9 | 10-12 || total
-------------------------+-------+-------+-------+-------++-------
Melee: Unarmed           |     2 |       |       |       ||     2
       Dagger            |       |    24 |       |       ||    24
       Flail             |       |       |     9 |       ||     9
       Rapier            |       |       |    91 |   229 ||   320
       Punch             |       |       |       |     5 ||     5
 Cast: Pain              |    91 |   123 |   117 |    72 ||   403
       Vampiric Draining |       |     1 |    24 |    16 ||    41
Evoke: Wand              |       |       |       |     7 ||     7
  Use: Scroll            |       |     1 |     6 |     1 ||     8
 Stab: Paralysed         |       |       |       |    13 ||    13
Armor: Robe              |     2 |    14 |       |       ||    16
       Leather armour    |       |     1 |    75 |   130 ||   206
       Troll leather arm |       |       |       |    18 ||    18
Dodge: Dodged            |     9 |    39 |   106 |   286 ||   440

Table legend: (Time is in decaauts)
 A = Elapsed time spent in this place.
 B = Non-inter-level travel time spent in this place.
 C = Inter-level travel time spent in this place.
 D = Time resting spent in this place.
 E = Time spent auto-exploring this place.
 F = Levels seen in this place.
 G = Mean time per level.
                   A        B        C        D        E       F      G
               +--------+--------+--------+--------+--------+-----+--------+
         Total |  12879 |  12419 |    460 |   1309 |   8689 |  12 | 1073.2 |
       Dungeon |  11753 |  11293 |    460 |   1150 |   8193 |  10 | 1175.3 |
        Temple |    247 |    247 |      0 |      0 |    179 |   1 |  247.0 |
        Bailey |    877 |    877 |      0 |    158 |    317 |   1 |  877.0 |
               +--------+--------+--------+--------+--------+-----+--------+

Top non-repeatable levels by time:
     D:4: 1513 daAuts
     D:3: 1487 daAuts
     D:1: 1447 daAuts
     D:2: 1397 daAuts
     D:6: 1339 daAuts
     D:5: 1226 daAuts
     D:9: 1196 daAuts
     D:8: 1065 daAuts
     D:7: 997 daAuts
  Bailey: 877 daAuts
  Temple: 247 daAuts
    D:10: 83 daAuts
